 Dungeon Crawl Stone Soup version 0.30-a0-219-gf2db51d15e (webtiles) character file.

Game seed: 18267517283202205639

529 gzilladon the Chopper (level 7, -3/71 HPs)
             Began as an Ogre Gladiator on Oct 7, 2022.
             Was an Initiate of Yredelemnul.
             Succumbed to a gnoll sergeant's poison
             ... on level 5 of the Dungeon.
             The game lasted 00:14:33 (4380 turns).

gzilladon the Chopper (Ogre Gladiator)              Turns: 4380, Time: 00:14:34

Health: -3/71      AC:  3    Str: 27    XL:     7   Next: 23%
Magic:  7/7        EV: 10    Int: 13    God:    Yredelemnul [......]
Gold:   209        SH:  0    Dex: 10    Spells: 5/6 levels left

rFire   + + +      SeeInvis .    C - +5 war axe of Greatest Utility {venom, rF++ Int+4}
rCold   . . .      Faith    .    (no shield)
rNeg    . . .      Spirit   .    b - +0 robe
rPois   .          Reflect  .    c - +0 hat
rElec   .          Harm     .    (no cloak)
rCorr   .          Rampage  .    (gloves unavailable)
Will    .....                    (boots unavailable)
Stlth   +.........               (no amulet)
HPRegen 0.31/turn                u - +6 ring of strength
MPRegen 0.10/turn                g - ring of protection from fire

@: brilliant, lethally poisoned (-3 -> -31)
A: large, unfitting armour, tough skin 1
a: Renounce Religion, Recall Undead Harvest


You were on level 5 of the Dungeon.
You worshipped Yredelemnul.
Yredelemnul was noncommittal.
You visited 2 branches of the dungeon, and saw 6 of its levels.

You collected 229 gold pieces.
You spent 20 gold pieces at shops.

Inventory:

Hand Weapons
 a - a +0 war axe
 C - the +5 war axe of Greatest Utility (weapon) {venom, rF++ Int+4}
   (You found it on level 3 of the Dungeon)

   It poisons the flesh of those it strikes.
   Int:       It affects your intelligence (+4).
   rF:        It greatly protects you from fire.
Missiles
 d - 3 throwing nets (quivered)
 e - a large rock
 h - 48 stones
 w - 3 poisoned darts
Armour
 b - a +0 robe (worn)
 c - a +0 hat (worn)
Jewellery
 g - a ring of protection from fire (right hand)
 j - an amulet of guardian spirit
 n - an amulet of magic regeneration
 u - a +6 ring of strength (left hand)
 x - a ring of protection from fire
Wands
 z - a wand of paralysis (3)
Scrolls
 f - 2 scrolls of enchant weapon {unknown}
 i - a scroll of poison {unknown}
 k - 2 scrolls of fear {unknown}
 l - 2 scrolls of magic mapping
 m - 2 scrolls of blinking {unknown}
 p - a scroll of noise {unknown}
 q - a scroll of immolation {unknown}
 r - a scroll of vulnerability {unknown}
 s - a scroll of butterflies {unknown}
 y - 4 scrolls of teleportation
Potions
 o - a potion of curing {unknown}
 t - a potion of brilliance
 v - 2 potions of might
 A - a potion of flight {unknown}
 B - a potion of lignification {unknown}
 D - a potion of ambrosia {unknown}


   Skills:
 * Level 4.8 Fighting
 * Level 6.8 Axes
 + Level 2.1 Throwing
 + Level 3.4 Dodging
 + Level 0.7 Stealth


You had 5 spell levels left.
You knew the following spells:

 Your Spells              Type           Power      Damage    Failure   Level
a - Summon Small Mammal   Summ           0%         N/A       30%         1

Your spell library contained the following spells:

 Spells                   Type           Power      Damage    Failure   Level
 Apportation              Tloc           0%         N/A       30%         1
 Magic Dart               Conj           0%         1d3       30%         1
 Necrotise                Necr           0%         1d4       30%         1
 Sting                    Tmut/Pois      0%         1d3       30%         1
 Call Imp                 Summ           0%         N/A       43%         2
 Poisonous Vapours        Pois/Air       0%         N/A       43%         2
 Mephitic Cloud           Conj/Pois/Air  0%         N/A       67%         3
 Olgreb's Toxic Radiance  Pois           0%         N/A       97%         4


Dungeon Overview and Level Annotations

Branches:
Dungeon (5/15)             Temple (1/1) D:4

Altars:
Ashenzari
Cheibriados
Dithmenos
Elyvilon
Fedhas
Gozag
Hepliaklqana
Kikubaaqudgha
Nemelex Xobeh
Okawaru
Qazlal
Ru
Sif Muna
Trog
Uskayaw
Wu Jian
Xom
Yredelemnul
Zin
The Shining One

Shops:
D:4 *

Annotations:
D:4 2 transporters, ImAmAmBug's ghost, amateur DjIE


Innate Abilities, Weirdness & Mutations

You are too large for most types of armour.
You have tough skin. (AC +1)


Message History

You closely miss the ufetubus.
You feel very sick. The ufetubus hits you.
The ufetubus hits you but does no damage.
Your jelly zombie hits the ufetubus.
The gnoll sergeant hits you from afar with a +1 trident of venom!
You are more poisoned.
The ufetubus hits you but does no damage.
The ufetubus closely misses you.
You swap places.
You feel very sick.
Your gnoll zombie hits the ufetubus.
The ufetubus hits your gnoll zombie. x2
Your jelly zombie hits the ufetubus.
You feel very sick.
The ufetubus hits your jelly zombie. x2; Your gnoll zombie misses the ufetubus.
The gnoll sergeant hits your jelly zombie with a +1 trident of venom.
Your jelly zombie hits the gnoll sergeant but does no damage.
The ufetubus hits your jelly zombie. x2
You feel sick. The ufetubus hits your jelly zombie.
Your jelly zombie is destroyed!
Your gnoll zombie closely misses the ufetubus.
The ufetubus shouts!
You feel sick. The ufetubus hits your gnoll zombie. x2
The gnoll sergeant hits you from afar with a +1 trident of venom!
* * * LOW HITPOINT WARNING * * *
You are more poisoned.
Your gnoll zombie misses the ufetubus.
The ufetubus hits your gnoll zombie.
Your gnoll zombie is destroyed!
You feel very sick.
You barely miss the gnoll sergeant. You hit the ufetubus.
You kill the ufetubus!
A black mist starts to gather...
You feel very sick.
The gnoll sergeant hits you with a +1 trident of venom!
* * * LOW HITPOINT WARNING * * *
You are more poisoned.
It was a potion of brilliance.
You feel clever all of a sudden.
You die...
Your body rises from the dead as a mindless zombie.

#....##.......#..#.....####.
#....#####......##.....# ##
#....# #......##.......
###### #......#.....##.#
#....#.#...#.. ..# #....#
#...#### .. ##..###.#...
...##.(.##......
........@gg...... .
........g.#......
###....##.Z...... #.##.
###...... #. .. ...... # #..
.###. ... .# .. #


You could see a gnoll sergeant (ally target), 2 gnolls and a friendly spectral
ufetubus.

Vanquished Creatures
  A bullfrog (D:4)
  2 scorpions
  2 jellies
  An orc priest (D:4)
  Natasha (thrice) (D:2)
  2 gnolls (D:5)
  9 adders
  An ufetubus (D:5)
  3 worms
  A dart slug (D:2)
  8 orcs
  5 ball pythons
  4 bats
  3 endoplasms
  6 giant cockroaches
  8 goblins
  A hobgoblin (D:1)
  2 jackals (D:4)
  2 quokkas
  4 frilled lizards
  10 kobolds
  5 rats
83 creatures vanquished.

Vanquished Creatures (others)
  An adder zombie (D:5)
  A jelly zombie (D:5)
  A gnoll zombie (D:5)
  A plant (D:3)
4 creatures vanquished.

Grand Total: 87 creatures vanquished

Notes
Turn   | Place    | Note
-------+----------+-------------------------------------------
     0 | D:1      | gzilladon the Ogre Gladiator began the quest for the Orb.
     0 | D:1      | Reached XP level 1. HP: 22/22 MP: 1/1
   172 | D:1      | Reached XP level 2. HP: 17/29 MP: 2/2
  1042 | D:2      | Reached XP level 3. HP: 20/37 MP: 3/3
  1121 | D:2      | Learned a level 1 spell: Summon Small Mammal
  1600 | D:2      | Reached skill level 4 in Axes
  1726 | D:2      | Noticed Natasha
  1732 | D:2      | Killed Natasha
  1733 | D:2      | Reached XP level 4. HP: 41/45 MP: 4/4
  2026 | D:2      | Noticed Natasha
  2040 | D:2      | Killed Natasha
  2129 | D:2      | Noticed Natasha
  2136 | D:2      | Killed Natasha
  2137 | D:2      | Reached XP level 5. HP: 22/54 MP: 5/5
  2702 | D:3      | Reached skill level 5 in Axes
  3272 | D:3      | Found a hazy altar of Hepliaklqana.
  3278 | D:3      | Found a shimmering altar of Xom.
  3282 | D:3      | Found a stormy altar of Qazlal.
  3283 | D:3      | Found an opulent altar of Gozag.
  3290 | D:3      | Identified the +5 war axe of Greatest Utility {venom, rF++
                  | Int+4}
  3387 | D:4      | Reached XP level 6. HP: 55/62 MP: 6/6
  3462 | D:4      | Found a transporter.
  3465 | D:4      | Noticed ImAmAmBug's ghost (amateur DjIE)
  3472 | D:4      | Found Liobb's General Store.
  3483 | D:4      | Bought a scroll of identify for 20 gold pieces
  3524 | D:4      | Reached skill level 6 in Axes
  3944 | D:4      | Found a staircase to the Ecumenical Temple.
  3967 | Temple   | Entered the Ecumenical Temple
  3989 | Temple   | Became a worshipper of Yredelemnul the Dark
  4182 | D:4      | Found a transporter.
  4284 | D:5      | Entered Level 5 of the Dungeon
  4302 | D:5      | Reached XP level 7. HP: 71/71 MP: 7/7
  4379 | D:5      | HP: 3/71 [gnoll sergeant/+1 trident of venom (10)]
  4380 | D:5      | Succumbed to a gnoll sergeant's poison

Illustrated notes

Levels and vault maps discovered:
D:1:      onia_arrival_mini_maze_b, layout_rooms
D:2:      layout_loops_corners, uniq_natasha
D:3:      layout_rooms, mainiacjoe_overflow_alcove_3,
          minmay_randomly_rotated_circles
D:4:      layout_loops_cross, minmay_temple_entry_stoned_glass,
          gammafunk_ghost_stat_death, serial_shops, shop
D:5:      layout_rooms, portal_sewer_entry_d, uniq_edmund
Temple:   lightli_temple_of_artemis

Skill      XL: |  1  2  3  4  5  6 |
---------------+-------------------+-----
Fighting       | 3 4 |  4.8
Axes           | 4 5 6 |  6.8
Dodging        | 3 |  3.4
Throwing       | |  2.1
Stealth        | |  0.7

Action                   |  1- 3 |  4- 6 |  7- 9 || total
-------------------------+-------+-------+-------++-------
Melee: War axe           |    94 |   181 |     8 ||   283
       Punch             |       |     2 |       ||     2
  Use: Scroll            |       |     2 |       ||     2
       Potion            |       |       |     1 ||     1
 Stab: Sleeping          |     1 |       |       ||     1
Armor: Robe              |    33 |    52 |     4 ||    89
Dodge: Dodged            |    49 |   109 |     7 ||   165

Table legend: (Time is in decaauts)
 A = Elapsed time spent in this place.
 B = Non-inter-level travel time spent in this place.
 C = Inter-level travel time spent in this place.
 D = Time resting spent in this place.
 E = Time spent auto-exploring this place.
 F = Levels seen in this place.
 G = Mean time per level.
                   A        B        C        D        E       F      G
               +--------+--------+--------+--------+--------+-----+--------+
         Total |   4458 |   3708 |    750 |   1050 |      0 |   6 |  743.0 |
       Dungeon |   4414 |   3664 |    750 |   1050 |      0 |   5 |  882.8 |
        Temple |     44 |     44 |      0 |      0 |      0 |   1 |   44.0 |
               +--------+--------+--------+--------+--------+-----+--------+

Top non-repeatable levels by time:
     D:2: 1367 daAuts
     D:3: 1010 daAuts
     D:1: 1004 daAuts
     D:4: 933 daAuts
     D:5: 98 daAuts
  Temple: 44 daAuts
